 Dungeon Crawl Stone Soup version 0.31-a0-1-g4198be8af4 (webtiles) character file.

Game seed: 6589093829697910492

4067 bmack86 the Cleaver (level 10, 0/88 HPs)
             Began as a Minotaur Fighter on May 2, 2023.
             Was an Initiate of Okawaru.
             Slain by a hornet (3 damage)
             ... on level 8 of the Dungeon.
             The game lasted 00:21:26 (6785 turns).

bmack86 the Cleaver (Minotaur Fighter)              Turns: 6785, Time: 00:21:27

Health: 0/88       AC: 10    Str: 26    XL:     10   Next: 5%
Magic:  9/9        EV:  8    Int:  5    God:    Okawaru [......]
Gold:   360        SH:  5    Dex:  9    Spells: 9/9 levels left

rFire   + . .        B - +3 war axe (venom)
rCold   x . .        c - +0 buckler
rNeg    . . .        e - +0 chain mail
rPois   .            (helmet restricted)
rElec   .            (no cloak)
rCorr   .            (no gloves)
SInv    .            (no boots)
Will    +....        h - amulet of regeneration Stlth
                     f - ring of willpower
HPRegen 1.14/turn    s - ring of fire
MPRegen 0.11/turn

%: no passive effects
@: lethally poisoned (0 -> -4), slowed, very slow
A: horns 2, retaliatory headbutt
a: Renounce Religion


You were on level 8 of the Dungeon.
You worshipped Okawaru.
Okawaru was noncommittal.
You visited 2 branches of the dungeon, and saw 9 of its levels.
You also visited: Ossuary.

You collected 582 gold pieces.
You spent 222 gold pieces at shops.

Inventory:

Hand Weapons
 a - a +1 war axe
 B - a +3 war axe of venom (weapon)
Missiles
 k - a throwing net
 m - 2 curare-tipped darts
 p - 23 poisoned darts (quivered)
 q - 4 javelins
 r - 4 boomerangs
Armour
 c - a +0 buckler (worn)
 e - a +0 chain mail (worn)
Jewellery
 f - a ring of willpower (left hand)
 h - an amulet of regeneration (around neck)
 s - a ring of fire (right hand)
Wands
 b - a wand of flame (17)
 x - a wand of paralysis (5)
 z - a wand of roots (10)
Scrolls
 g - a scroll of enchant armour
 j - 3 scrolls of fog
 l - a scroll of butterflies
 o - 2 scrolls of blinking
 u - 2 scrolls of fear
 w - 3 scrolls of teleportation
 y - 2 scrolls of identify
Potions
 d - a potion of magic
 i - 4 potions of flight
 n - 2 potions of heal wounds
 t - 2 potions of curing
 v - 2 potions of ambrosia
 A - a potion of might


   Skills:
 + Level 8.0 Fighting
 * Level 10.4 Axes
 + Level 5.6 Throwing
 + Level 7.9 Armour
 + Level 7.9 Shields
 + Level 1.1 Invocations


You had 9 spell levels left.
You didn't know any spells.
Your spell library contained the following spells:

 Spells                   Type           Power      Damage    Failure   Level
 Magic Dart               Conj           0%         1d3       95%         1
 Sandblast                Erth           0%         2d4       95%         1
 Cigotuvi's Dreadful Rot  Necr/Pois/Air  0%         N/A       98%         2
 Passwall                 Tmut/Erth      0%         N/A       98%         2
 Mephitic Cloud           Conj/Pois/Air  0%         N/A       100%        3
 Stone Arrow              Conj/Erth      0%         3d7       100%        3
 Call Imp                 Summ           Unusable   N/A       N/A         2

Dungeon Overview and Level Annotations

Branches:
Dungeon (8/15)             Temple (1/1) D:7         Ossuary (visited)
   Lair: D:8-11

Altars:
Cheibriados
Dithmenos
Elyvilon
Fedhas
Gozag
Hepliaklqana
Kikubaaqudgha
Makhleb
Nemelex Xobeh
Okawaru
Qazlal
Ru
Sif Muna
Trog
Uskayaw
Vehumet
Wu Jian
Xom
Yredelemnul
Zin
The Shining One

Shops:
D:5 *:   D:6 (

Portals:
Bailey: D:8

Annotations:
D:5 exclusion: statue


Innate Abilities, Weirdness & Mutations

You have a pair of horns on your head.
You reflexively headbutt those who attack you in melee.


Message History

You feel very sick. Something hits you but does no damage.
The hornet stings you!
You feel yourself slow down.
You can move again.
You miss something. You barely miss the hornet.
You feel yourself speed up.
You feel very sick. You block something's attack. The hornet stings you!
You are more poisoned.
You shrug off the repeated paralysis!
The hornet stings you!
You feel yourself slow down. Something hits you but does no damage.
You feel very sick. Something hits you but does no damage.
The hornet stings you but does no damage.
Something hits you but does no damage. The hornet stings you!
* * * LOW HITPOINT WARNING * * *
You feel as though you will be slow longer.
The hornet stings you but does no damage.
You miss the hornet. You headbutt the hornet!
The hornet is moderately wounded.
You barely miss something.
You feel yourself speed up.
You feel very sick. Something hits you.
* * * LOW HITPOINT WARNING * * *
The hornet stings you.
* * * LOW HITPOINT WARNING * * *
You are more poisoned.
You feel yourself slow down. You block something's attack.
The hornet stings you but does no damage.
You barely miss the hornet. Your headbutt misses the hornet.
The hornet is moderately wounded.
You closely miss something.
* * * LOW HITPOINT WARNING * * *
You feel very sick. Something hits you.
* * * LOW HITPOINT WARNING * * *
The hornet stings you but does no damage.
The hornet stings you.
You die...

#..... #..~.∩
#.#...# ...≈g
#...... #..≈
#...... ... ####
#......## #.#
#.#...
#..#.#..###.####
#.#.##
#.........y.#..#
#.#.#.
...#.#....@.##.#
###.#.#.
........###.##.###
#.#.#.#. ..#.#...#
#.#....# #.#.#.#.
# ###.#
#.#....###>....#.
#.#
#.#.....##.....#.
#.#
#.#......†.##..#<
#.#
#.########.##.###
#..
#.....####.##.###
#####.##...##....


You could see a hornet.

Vanquished Creatures
  Maggie (D:7)
  Prince Ribbit (D:5)
  Sigmund (D:3)
  A wyvern (D:7)
  A steam dragon (D:4)
  Duvessa (D:5)
  An ice beast (D:7)
  A black bear (D:7)
  4 sky beasts
  An orc warrior (D:6)
  A kobold brigand (D:6)
  The ghost of liarliar the Grave Robber, an amateur DENe (D:3)
  4 bullfrogs
  2 elf skeletons (D:4)
  2 scorpions
  4 wights (D:7)
  Dowan (D:5)
  3 killer bees (D:7)
  A howler monkey (D:4)
  A jelly (D:5)
  2 centaur zombies (Ossuary)
  7 hounds
  3 orc priests
  2 human skeletons (D:4)
  2 sleepcaps
  Jessica (D:3)
  6 iguanas
  4 orc wizards
  Terence (D:3)
  2 mummies (Ossuary)
  Robin (D:2)
  24 gnolls
  5 adders
  2 hound simulacra (D:3)
  A shadow imp (D:5)
  2 white imps
  An ufetubus (D:5)
  A worm (D:3)
  3 adder zombies (Ossuary)
  3 adder simulacra (D:3)
  33 orcs
  4 ball pythons
  3 endoplasms (D:1)
  3 giant cockroaches
  17 goblins
  4 hobgoblins
  17 jackals
  2 quokkas
  A ball python simulacrum (D:3)
  8 bats
  A frilled lizard (D:1)
  A goblin zombie (Ossuary)
  9 hobgoblin zombies (Ossuary)
  3 jackal zombies (Ossuary)
  11 kobolds
  5 kobold zombies (Ossuary)
  15 orc zombies
  8 rats
  A rat zombie (Ossuary)
252 creatures vanquished.

Vanquished Creatures (others)
  5 plants (D:4)
5 creatures vanquished.

Grand Total: 257 creatures vanquished

Notes
Turn   | Place    | Note
-------+----------+-------------------------------------------
     0 | D:1      | bmack86 the Minotaur Fighter began the quest for the Orb.
     0 | D:1      | Reached XP level 1. HP: 19/19 MP: 0/0
   117 | D:1      | Reached XP level 2. HP: 27/27 MP: 1/1
   268 | D:1      | Reached skill level 3 in Axes
   682 | D:1      | Reached XP level 3. HP: 29/33 MP: 2/2
  1160 | D:2      | Got the Handbook of the Lithic Snake
  1234 | D:2      | Noticed Robin
  1247 | D:2      | Killed Robin
  1248 | D:2      | Reached XP level 4. HP: 8/40 MP: 3/3
  1620 | D:3      | Found a faded altar of an unknown god.
  1626 | D:3      | Found a runed translucent gate.
  1626 | D:3      | Found a runed translucent gate.
  1626 | D:3      | Found a runed translucent gate.
  1663 | D:3      | Noticed Jessica
  1671 | D:3      | Killed Jessica
  1672 | D:3      | Reached skill level 4 in Axes
  1672 | D:3      | Reached skill level 1 in Throwing
  1841 | D:3      | Noticed Sigmund
  1846 | D:3      | Noticed Terence
  1849 | D:3      | Killed Sigmund
  1850 | D:3      | Reached XP level 5. HP: 30/47 MP: 4/4
  1850 | D:3      | Reached XP level 6. HP: 34/53 MP: 5/5
  1853 | D:3      | Killed Terence
  1854 | D:3      | Reached skill level 5 in Axes
  1991 | D:3      | Found an ancient bone altar of Kikubaaqudgha.
  2064 | D:3      | Noticed liarliar's ghost (amateur DENe)
  2432 | D:3      | Killed liarliar's ghost
  2596 | D:4      | Reached skill level 5 in Fighting
  2596 | D:4      | Reached skill level 5 in Shields
  2600 | D:4      | Reached skill level 5 in Armour
  2664 | D:4      | Reached XP level 7. HP: 61/61 MP: 6/6
  2686 | D:4      | Reached skill level 6 in Axes
  2703 | D:4      | Found a sand-covered staircase.
  2744 | Ossuary  | Entered an ossuary
  3203 | D:5      | Entered Level 5 of the Dungeon
  3253 | D:5      | Found Iwuqoira's CLEARANCE SALE!.
  3262 | D:5      | Reached skill level 7 in Axes
  3265 | D:5      | Bought a potion of curing for 6 gold pieces
  3265 | D:5      | Bought a wand of flame (3) for 4 gold pieces
  3364 | D:5      | Reached XP level 8. HP: 57/70 MP: 7/7
  3375 | D:5      | Found Baetutae's Book Shoppe.
  3418 | D:5      | Noticed Prince Ribbit
  3426 | D:5      | Noticed Duvessa
  3433 | D:5      | Noticed Dowan
  3443 | D:5      | Killed Duvessa
  3452 | D:5      | Killed Dowan
  3460 | D:5      | Killed Prince Ribbit
  3525 | D:5      | Reached skill level 8 in Axes
  3695 | D:5      | Found a radiant altar of Vehumet.
  3752 | D:5      | Found a snail-covered altar of Cheibriados.
  3753 | D:5      | Found a glowing golden altar of the Shining One.
  3755 | D:5      | Found a basalt altar of Yredelemnul.
  3764 | D:5      | Found a sacrificial altar of Ru.
  3766 | D:5      | Found a hazy altar of Hepliaklqana.
  3766 | D:5      | Found a hide-covered altar of Uskayaw.
  3766 | D:5      | Found a sparkling altar of Nemelex Xobeh.
  3766 | D:5      | Found a blossoming altar of Fedhas.
  3767 | D:5      | Found an opulent altar of Gozag.
  3770 | D:5      | Found a shadowy altar of Dithmenos.
  3967 | D:6      | Reached XP level 9. HP: 78/78 MP: 8/8
  4255 | D:6      | Found Paahacol's Weapon Emporium.
  4264 | D:6      | Bought a +3 war axe of venom for 212 gold pieces
  4538 | D:6      | Reached skill level 9 in Axes
  4861 | D:7      | Reached skill level 5 in Throwing
  4862 | D:7      | Noticed Maggie
  4872 | D:7      | Killed Maggie
  5010 | D:7      | Reached skill level 10 in Axes
  5243 | D:7      | Found a staircase to the Ecumenical Temple.
  5249 | Temple   | Entered the Ecumenical Temple
  5295 | Temple   | Became a worshipper of Warmaster Okawaru
  5894 | D:4      | Reached XP level 10. HP: 73/88 MP: 9/9
  5897 | D:4      | Reached skill level 1 in Invocations
  6776 | D:8      | Found a flagged portal.
  6780 | D:8      | Paralysed by a hornet for 2 turns
  6785 | D:8      | HP: 3/88 [something (5)]
  6785 | D:8      | Slain by a hornet

Illustrated notes

Levels and vault maps discovered:
D:1:      amcnicky_arrival_single_pillar, layout_loops_corners,
          roderic_serpentine_path
D:2:      layout_rooms, minmay_tromino_i4, uniq_robin
D:3:      layout_loops_ring, lemuel_doored_altar, ebering_ecumenical_altar_rust,
          gammafunk_ghost_icy, minmay_misc_feat_secret_circle, uniq_terence,
          uniq_jessica, uniq_sigmund
D:4:      lemuel_castle_with_subvaults [lemuel_castle_interior_original],
          layout_cave_pools, nicolae_ossuary_entry_catacombs
D:5:      layout_rooms, minitemple, vehumet_statue, serial_shops,
          nicolae_shop_real_fake_doors, nicolae_shop_clearance, uniq_duvessa,
          uniq_prince_ribbit1
D:6:      layout_loops_ring, serial_shops, nicolae_shop_advertising_works
          [nicolae_subvault_shop_adworks], eino_small_chamber_without_monster,
          minmay_misc_feat_rows
D:7:      layout_layer_cave, minmay_temple_entry_enclosed_plants, uniq_maggie
D:8:      layout_basic, minmay_lair_entry_grove, enter_bailey_5,
          serial_co_window_serial, co_window_paths_a, co_window_corner_a,
          co_window_corner_a, co_window_corner_a, co_window_of_opportunity_a,
          co_window_broadway_c, co_window_2corner, co_window_2corner,
          co_window_4corner_b, glass_columns_a, glass_columns_a, uniq_pikel
Temple:   jpeg_temple_island

Skill      XL: |  1  2  3  4  5  6  7  8  9 10 |
---------------+-------------------------------+-----
Axes           | 3 4 5 7 8 10 | 10.4
Armour         | 4 5 6 7 |  7.9
Fighting       | 4 5 6 7 8 |  8.0
Shields        | 4 5 6 7 |  7.9
Throwing       | 1 2 3 4 5 |  5.6
Invocations    | 1 |  1.1

Action                     |  1- 3 |  4- 6 |  7- 9 | 10-12 || total
---------------------------+-------+-------+-------+-------++-------
  Melee: War axe           |    87 |    82 |   382 |    27 ||   578
         Headbutt          |     2 |    14 |    58 |     5 ||    79
  Throw: Dart              |       |       |     2 |       ||     2
    Use: Scroll            |     6 |     6 |     8 |       ||    20
         Potion            |       |     1 |     3 |       ||     4
 Armour: Chain mail        |   106 |    49 |   212 |    17 ||   384
  Dodge: Dodged            |    56 |    38 |   142 |     6 ||   242
  Block: Buckler           |    32 |    23 |    86 |    10 ||   151

Table legend: (Time is in decaauts)
 A = Elapsed time spent in this place.
 B = Non-inter-level travel time spent in this place.
 C = Inter-level travel time spent in this place.
 D = Time resting spent in this place.
 E = Time spent auto-exploring this place.
 F = Levels seen in this place.
 G = Mean time per level.
                   A        B        C        D        E       F      G
               +--------+--------+--------+--------+--------+-----+--------+
         Total |   6889 |   6515 |    374 |    100 |   3537 |  10 |  688.9 |
       Dungeon |   6561 |   6217 |    344 |    100 |   3508 |   8 |  820.1 |
        Temple |     77 |     47 |     30 |      0 |     29 |   1 |   77.0 |
       Ossuary |    250 |    250 |      0 |      0 |      0 |   1 |  250.0 |
               +--------+--------+--------+--------+--------+-----+--------+

Top non-repeatable levels by time:
     D:4: 1238 daAuts
     D:7: 1123 daAuts
     D:3: 1037 daAuts
     D:1: 980 daAuts
     D:6: 863 daAuts
     D:5: 655 daAuts
     D:2: 537 daAuts
 Ossuary: 250 daAuts
     D:8: 124 daAuts
  Temple: 77 daAuts
